 Dungeon Crawl Stone Soup version 0.29.1-2-gbd0b4ee654 (webtiles) character file.

Game seed: 17139410238756731058

1853 GeoRichter the Skirmisher (level 8, -2/37 HPs)
             Began as a Spriggan Hunter on Nov 4, 2022.
             Was a Follower of Dithmenos.
             Slain by a two-headed ogre
             ... wielding a +0 giant club
              (26 damage)
             ... on level 8 of the Dungeon.
             The game lasted 00:11:48 (8388 turns).

GeoRichter the Skirmisher (Spriggan Hunter)         Turns: 8388, Time: 00:11:48

Health: -2/37      AC:  8    Str:  7    XL:     8   Next: 89%
Magic:  9/9        EV: 20    Int: 11    God:    Dithmenos [*.....]
Gold:   421        SH:  0    Dex: 20    Spells: 7/7 levels left

rFire   . . .      SeeInvis +   a - +0 shortbow
rCold   . . .      Faith    .   (shield currently unavailable)
rNeg    . . .      Spirit   .   A - +0 troll leather armour
rPois   +          Reflect  .   (helmet restricted)
rElec   .          Harm     .   (no cloak)
rCorr   .          Rampage  .   (gloves unavailable)
Will    +....                   (boots unavailable)
Stlth   ++++......              (no amulet)
HPRegen 0.12/turn               r - ring of poison resistance
MPRegen 0.11/turn               z - +4 ring of protection

@: wreathed by umbra, very quick
A: very small, no large weapons, unfitting armour, see invisible, speed 3
a: Renounce Religion


You were on level 8 of the Dungeon.
You worshipped Dithmenos.
Dithmenos was aware of your devotion.
You visited 2 branches of the dungeon, and saw 9 of its levels.

You collected 421 gold pieces.

Inventory:

Hand Weapons
 a - a +0 shortbow (weapon)
 b - a +2 dagger of protection
   (You took it off an orc on level 4 of the Dungeon)
Armour
 c - a +0 robe
 A - a +0 troll leather armour (worn)
   (You found it on level 7 of the Dungeon)
Jewellery
 r - a ring of poison resistance (left hand)
   (You found it on level 3 of the Dungeon)
 z - a +4 ring of protection (right hand)
   (You found it on level 7 of the Dungeon)
Wands
 w - a wand of mindburst (18)
   (You found it on level 4 of the Dungeon)
 y - a wand of digging (1)
   (You found it on level 6 of the Dungeon)
Scrolls
 d - 3 scrolls of butterflies {unknown}
 e - 2 scrolls of magic mapping {unknown}
 f - 9 scrolls of identify {unknown}
 g - 7 scrolls of teleportation {unknown}
 h - 2 scrolls of noise {unknown}
 j - a scroll of blinking {unknown}
 m - 2 scrolls of fear {unknown}
 n - a scroll of brand weapon {unknown}
 t - 2 scrolls of vulnerability {unknown}
 u - a scroll of poison {unknown}
 x - a scroll of enchant armour {unknown}
Potions
 i - a potion of invisibility {unknown}
 k - 4 potions of flight {unknown}
 l - a potion of heal wounds {@q2}
 o - 3 potions of curing {unknown}
 p - a potion of haste {unknown}
 q - a potion of attraction {unknown}
 s - a potion of might {unknown}
 v - a potion of mutation {unknown}


   Skills:
 - Level 1.5 Fighting
 * Level 10.4 Ranged Weapons
 + Level 6.5 Dodging
 + Level 7.3 Stealth


You had 7 spell levels left.
You didn't know any spells.
Your spell library contained the following spells:

 Spells                   Type           Power      Damage    Failure   Level
 Foxfire                  Conj/Fire      0%         2x1d4     47%         1
 Ensorcelled Hibernation  Hex/Ice        0%         N/A       63%         2
 Poisonous Vapours        Pois/Air       0%         N/A       63%         2
 Conjure Flame            Conj/Fire      0%         6-21      85%         3
 Inner Flame              Hex/Fire       0%         N/A       85%         3
 Spider Form              Tmut/Pois      0%         N/A       85%         3
 Anguish                  Hex/Necr       0%         N/A       99%         4
 Corpse Rot               Necr/Pois/Air  0%         N/A       99%         4
 Flame Wave               Conj/Fire      0%         2d4       99%         4
 Dispersal                Tloc           0%         N/A       100%        6
 Disjunction              Tloc           0%         N/A       100%        8


Dungeon Overview and Level Annotations

Branches:
Dungeon (8/15) Zot: 26741  Temple (1/1) D:5 Zot: 5852
   Lair: D:8-11

Altars:
Ashenzari
Cheibriados
Dithmenos
Elyvilon
Fedhas
Gozag
Hepliaklqana
Kikubaaqudgha
Makhleb
Nemelex Xobeh
Okawaru
Qazlal
Ru
Sif Muna
Trog
Uskayaw
Vehumet
Wu Jian
Yredelemnul
Zin

Annotations:
D:7 Maggie
D:8 Joseph


Innate Abilities, Weirdness & Mutations

You are very small and have problems with some larger weapons.
You are too small for most types of armour.
You have supernaturally acute eyesight. (SInv)
You cover ground extremely quickly. (Speed+++)


Message History

There is a stone staircase leading down here.
You climb downwards.
There is a stone staircase leading up here.
Found a twisted jewelled staff.
Joseph, a Mercenary comes into view.
He is wielding a +0 quarterstaff.
You shoot an arrow. The arrow hits Joseph.
Joseph unwields a +0 quarterstaff.
Joseph wields a +0 sling.
Joseph shoots a sling bullet.
The sling bullet hits you!
You shoot an arrow.
The arrow hits Joseph but does no damage.
Joseph shoots a sling bullet.
The sling bullet barely misses you.
You hear a shout!
You shoot an arrow. The arrow closely misses Joseph.
Joseph shoots a sling bullet.
The sling bullet hits you!
* * * LOW HITPOINT WARNING * * *
There is a stone staircase leading up here.
You climb upwards.
Level annotation: Maggie
There is a stone staircase leading down here.
There is an open door here.
You see here a +0 troll leather armour.
A - a +0 troll leather armour You start removing your armour.
You continue taking off your +0 robe. x4
You finish taking off your +0 robe.
You start putting on your armour.
You continue putting on your +0 troll leather armour. x5
You finish putting on your +0 troll leather armour.
The armour cannot attune itself to your injured body.
You don't know any spells.
Unknown command.
Things that are here:
a +0 club; a +0 leather armour; a +0 club
Items here: ( )) [.
You see here a +0 short sword.
There is a stone staircase leading down here.
You climb downwards.
Level annotation: Joseph
There is a stone staircase leading up here.
You shoot an arrow. The arrow hits the two-headed ogre.
The two-headed ogre shouts in stereo!
You hear a shout!
You shoot an arrow. The arrow hits the two-headed ogre.
An orc comes into view. It is wielding a +0 flail.
You shoot an arrow.
The arrow hits the two-headed ogre but does no damage.
You shoot an arrow.
The arrow hits the two-headed ogre but does no damage.
An orc wizard comes into view. It is wielding a +0 dagger.
The two-headed ogre hits you with a +0 giant club!!
Ouch! That really hurt!
You die...

..z..#
...z.##....o........
.<.................#
.......###.o........
......## #........
......# #.......#
.....$# #......
......# #...O.#
......# #...@#
#.....# ##..## #..
###


You could see a two-headed ogre, an orc wizard and an orc.

Vanquished Creatures
  A troll (D:7)
  Eustachio (D:5)
  A water moccasin (D:7)
  A black bear (D:6)
  An ogre (D:5)
  4 scorpions
  2 necrophages
  5 wights (D:7)
  2 orc priests
  2 jellies (D:6)
  Jessica (D:3)
  A gnoll bouda (D:5)
  2 iguanas
  4 orc wizards
  7 gnolls
  6 adders
  A shadow imp (D:5)
  2 white imps
  A worm (D:2)
  2 dart slugs
  35 orcs
  6 ball pythons
  6 bats
  8 endoplasms
  4 giant cockroaches
  3 goblins
  8 hobgoblins
  6 jackals
  11 kobolds
  3 quokkas (D:1)
  2 frilled lizards (D:2)
  3 rats
142 creatures vanquished.

Notes
Turn   | Place    | Note
-------+----------+-------------------------------------------
     0 | D:1      | GeoRichter the Spriggan Hunter began the quest for the Orb.
     0 | D:1      | Reached XP level 1. HP: 10/10 MP: 2/2
   265 | D:1      | Reached XP level 2. HP: 14/14 MP: 3/3
  1010 | D:1      | Reached skill level 5 in Ranged Weapons
  1010 | D:1      | Reached XP level 3. HP: 7/18 MP: 4/4
  1956 | D:2      | Found a faded altar of an unknown god.
  2334 | D:3      | Reached XP level 4. HP: 18/22 MP: 5/5
  2444 | D:3      | Found a broken altar of Ashenzari.
  2448 | D:3      | Saw a vision of the Swamp and the Spider Nest.
  2448 | D:3      | Noticed a culicivora
  2448 | D:3      | Noticed a jorogumo
  2448 | D:3      | Noticed a jumping spider
  2448 | D:3      | Noticed a will-o-the-wisp
  2448 | D:3      | Noticed a tyrant leech
  2448 | D:3      | Noticed a tarantella
  2448 | D:3      | Noticed a spriggan rider
  2448 | D:3      | Noticed a torpor snail
  2448 | D:3      | Noticed a bog body
  2448 | D:3      | Noticed a steelbarb worm
  2449 | D:3      | Noticed a spark wasp
  2449 | D:3      | Noticed a demonic crawler
  2449 | D:3      | Noticed a six-headed hydra
  2449 | D:3      | Noticed an eleionoma
  2451 | D:3      | Noticed a swamp dragon
  2451 | D:3      | Noticed a tarantella
  2452 | D:3      | Noticed a tarantella
  2452 | D:3      | Noticed a four-headed hydra
  2484 | D:3      | Reached skill level 6 in Ranged Weapons
  2484 | D:3      | Found a hide-covered altar of Uskayaw.
  2505 | D:3      | Noticed Jessica
  2509 | D:3      | Killed Jessica
  2536 | D:3      | Reached XP level 5. HP: 17/25 MP: 6/6
  2849 | D:3      | Found the +1 Delatra's gloves {ID++}
  3050 | D:3      | Found an ornate altar of the Wu Jian Council.
  3175 | D:3      | Reached skill level 7 in Ranged Weapons
  3428 | D:4      | Found a bloodstained altar of Trog.
  3576 | D:4      | Reached XP level 6. HP: 25/30 MP: 7/7
  3639 | D:4      | Found a snail-covered altar of Cheibriados.
  4148 | D:5      | Entered Level 5 of the Dungeon
  4189 | D:5      | Reached skill level 8 in Ranged Weapons
  4673 | D:5      | Reached XP level 7. HP: 33/33 MP: 8/8
  4789 | D:5      | Found a staircase to the Ecumenical Temple.
  4850 | Temple   | Entered the Ecumenical Temple
  5049 | Temple   | Became a worshipper of Dithmenos the Shadowed
  5090 | D:5      | Noticed Eustachio
  5428 | D:5      | Killed Eustachio
  5452 | D:5      | Reached skill level 9 in Ranged Weapons
  6001 | D:6      | Reached XP level 8. HP: 37/37 MP: 9/9
  6015 | D:6      | Reached skill level 5 in Stealth
  6156 | D:6      | Found an opulent altar of Gozag.
  6245 | D:6      | Reached skill level 5 in Dodging
  6508 | D:6      | Found a stormy altar of Qazlal.
  7015 | D:6      | Found a glowing silver altar of Zin.
  7029 | D:6      | Found a radiant altar of Vehumet.
  7192 | D:7      | Noticed Maggie
  7332 | D:7      | Noticed a troll
  7361 | D:7      | Killed a troll
  7361 | D:7      | Reached * piety under Dithmenos
  7362 | D:7      | Reached skill level 10 in Ranged Weapons
  8299 | D:8      | Noticed Joseph
  8383 | D:8      | Noticed a two-headed ogre
  8388 | D:8      | Slain by a two-headed ogre

Illustrated notes

Levels and vault maps discovered:
D:1:      nzn_arrival_depleted_hourglass, layout_loops_ring
D:2:      layout_basic, hellmonk_ecumenical_altar_defaced_shrine,
          minmay_fountain_box
D:3:      layout_basic, mainiacjoe_overflow_cross_hatched,
          grunt_ashenzari_visionary [grunt_ashenzari_visionary_swamp,
          grunt_ashenzari_visionary_spider],
          mainiacjoe_overflow_small_starburst, st_stairs_2,
          pf_guarded_unrand_delatra, uniq_jessica
D:4:      layout_loops_ring, cheibriados_altar_1, mainiacjoe_overflow_24_doors,
          kennysheep_nub
D:5:      layout_loops_cross, temple_fountains, uniq_eustachio
D:6:      layout_layer_cave, pdpol_temple_overflow_zin_treasury_gozag_greed,
          nicolae_qazlal_eye_of_the_storm, mainiacjoe_overflow_alcove_2
D:7:      layout_basic, uniq_maggie
D:8:      layout_cave_pods, serial_ice, serial_ice_c, serial_ice_a,
          serial_ice_d, serial_ice_g, uniq_psyche, uniq_joseph, uniq_erica
Temple:   grunt_temple_mini_profane

Skill      XL: |  1  2  3  4  5  6  7  8 |
---------------+-------------------------+-----
Ranged Weapons | 5 6 7 8 9 10 | 10.4
Dodging        | 3 4 6 |  6.5
Stealth        | 2 4 7 |  7.3
Fighting       | |  1.5

Action                   |  1- 3 |  4- 6 |  7- 9 || total
-------------------------+-------+-------+-------++-------
Melee: Dagger            |       |       |    21 ||    21
       Punch             |       |       |     1 ||     1
 Fire: Shortbow          |   112 |   183 |   218 ||   513
  Use: Potion            |     1 |       |       ||     1
       Scroll            |       |       |     2 ||     2
Armor: Robe              |     1 |     6 |    15 ||    22
Dodge: Dodged            |    18 |    59 |   136 ||   213
